Workbook

Sheet 1. Summary Budget Template
A1: Summary Budget
D3: Requested Federal Funds*
A5: A | C5: Honoraria or Stipend | D5: ='2. Detailed budget'!G12 -> 0
A6: B | C6: Travel | D6: ='2. Detailed budget'!G17 -> 0
A7: C | C7: Lodging | D7: ='2. Detailed budget'!G22 -> 0
A8: D | C8: M&IE | D8: ='2. Detailed budget'!G27 -> 0
A9: E | C9: Program Material | D9: ='2. Detailed budget'!G32 -> 0
A10: F | C10: Other Costs | D10: ='2. Detailed budget'!G37 -> 0
A11: G | C11: Total Project Cost | D11: =SUM(D5:D10) -> 0
A13: * line item amounts auto-fill from "Detailed Grant Budget Template" tab

Sheet 2. Detailed budget
A1: Applicant name: ….......................
A2: Project title: …..............................
A4: Project period: ….......................... | E4: Organization Name
C6: Unit Cost | G6: Requested Federal Funds | H6: Cost-Share by Applicant | J6: Program Total
C7: Unit | D7: Number | E7: Amount | F7: Rate
A8: A | B8: Honoraria or Stipend | C8: months or years | E8: salary (month or year) | F8: % effort
A9: A.1 | G9: =C9*D9*E9*F9 -> 0 | H9: 0
A10: A.2 | G10: =C10*D10*E10*F10 -> 0 | H10: 0
A11: A.3 | G11: =C11*D11*E11*F11 -> 0 | H11: 0
A12: Subtotal Honoraria or Stipend | G12: =SUM(G9:G11) -> 0 | H12: =SUM(H9:H11) -> 0 | J12: =SUM(G12:H12) -> 0
A13: B | B13: Travel | C13: # people | D13: # days | E13: Cost | J13: =SUM(G13:H13) -> 0
A14: B.1 | G14: =C14*D14*E14*F14 -> 0 | H14: 0
A15: B.2 | G15: =C15*D15*E15*F15 -> 0 | H15: 0
A16: B.3 | G16: =C16*D16*E16*F16 -> 0 | H16: 0
A17: Subtotal Travel | G17: =SUM(G14:G16) -> 0 | H17: =SUM(H14:H16) -> 0 | J17: =SUM(G17:H17) -> 0
A18: C | B18: Lodging | C18: Unit | D18: # units | E18: unit cost | J18: =SUM(G18:H18) -> 0
A19: C.1 | G19: =D19*E19*F19 -> 0 | H19: 0
A20: C.2 | G20: =D20*E20*F20 -> 0
A21: C.3 | G21: =D21*E21*F21 -> 0
A22: Subtotal Lodging | B22: Sub Total Equipment | G22: =SUM(G19:G21) -> 0 | H22: =SUM(H19:H19) -> 0 | J22: =SUM(G22:H22) -> 0
A23: D | B23: Meals and incidental expenses (M&IE) | C23: Unit | D23: # units | E23: unit cost | J23: =SUM(G23:H23) -> 0
A24: D.1 | G24: =D24*E24*F24 -> 0 | H24: 0
A25: D.2 | G25: =D25*E25*F25 -> 0 | H25: 0
A26: D.3 | G26: =D26*E26*F26 -> 0 | H26: 0
A27: Subtotal Meals and Incidental Expenses (M&IE) | B27: Sub Total Supplies | G27: =SUM(G24:G26) -> 0 | H27: =SUM(H24:H26) -> 0 | J27: =SUM(G27:H27) -> 0
A28: E | B28: Program Material | C28: Unit | D28: # units | E28: unit cost | J28: =SUM(G28:H28) -> 0
A29: E.1 | G29: =D29*E29*F29 -> 0 | H29: 0 | J29: =SUM(G29:H29) -> 0
A30: E.2 | G30: =D30*E30*F30 -> 0 | H30: 0
A31: E.3 | G31: =D31*E31*F31 -> 0 | H31: 0
A32: Subtotal Program Material | G32: =SUM(G29:G31) -> 0 | H32: =SUM(H29:H31) -> 0 | J32: =SUM(G32:H32) -> 0
A33: F | B33: Other Costs | C33: Unit | D33: # units | E33: unit cost
A34: F.1 | G34: =D34*E34*F34 -> 0 | H34: 0
A35: F.2 | G35: =D35*E35*F35 -> 0 | H35: 0
A36: F.3 | G36: =D36*E36*F36 -> 0 | H36: 0
A37: Subtotal Other Costs | G37: =SUM(G34:G36) -> 0 | H37: =SUM(H34:H36) -> 0 | J37: =SUM(G37:H37) -> 0
A38: G | B38: Total Project Cost | G38: =+G12+G17+G22+G27+G32+G37 -> 0 | H38: =+H12+H17+H22+H27+H32+H37 -> 0 | J38: =SUM(G38:H38) -> 0
